 Dungeon Crawl Stone Soup version 0.28-a0-230-g086cc6695f (webtiles) character file.

Game seed: 12493426765930404108

7 Gargoyl the Skirmisher (level 2, 0/43 HPs)
             Began as a Gnoll Abyssal Knight on Aug 22, 2021.
             Was a Follower of Lugonu.
             Slain by a bone dragon (15 damage)
             ... on level 1 of the Abyss.
             The game lasted 00:00:49 (232 turns).

Gargoyl the Skirmisher (Gnoll Abyssal Knight)        Turns: 232, Time: 00:00:49

Health: 0/43       AC:  4    Str: 11    XL:     2   Next: 0%
Magic:  5/5        EV: 11    Int: 13    God:    Lugonu [*.....]
Gold:   28         SH:  0    Dex: 11    Spells: 1/1 levels left

rFire   . . .      SeeInvis .   a - +1 hand axe
rCold   . . .      Faith    .   (no shield)
rNeg    . . .      Spirit   .   b - +1 leather armour
rPois   .          Reflect  .   (no helmet)
rElec   .          Harm     .   (no cloak)
rCorr   .          Rampage  .   (no gloves)
Will    .....                   (no boots)
Stlth   ..........              (no amulet)
HPRegen 0.00/turn               (no ring)
MPRegen 0.09/turn               (no ring)

@: berserking, mildly diseased, very quick
A: fangs 1, strong nose, distributed training, camouflage 1, clever 1
a: Renounce Religion, Depart the Abyss


You were on level 1 of the Abyss.
You worshipped Lugonu.
Lugonu was aware of your devotion.
You visited 0 branches of the dungeon, and saw 0 of its levels.
You visited the Abyss 1 time.

You collected 28 gold pieces.

Inventory:

Hand Weapons
 a - a +1 hand axe (weapon)
Armour
 b - a +1 leather armour (worn)
Potions
 c - a potion of cancellation


   Skills:
 + Level 6.4 Fighting
 + Level 0.2 Short Blades
 + Level 0.2 Long Blades
 + Level 4.4 Axes
 + Level 0.2 Maces & Flails
 + Level 0.2 Polearms
 + Level 0.2 Staves
 + Level 0.2 Slings
 + Level 0.2 Bows
 + Level 0.2 Crossbows
 + Level 0.2 Throwing
 + Level 4.4 Armour
 + Level 2.4 Dodging
 + Level 0.2 Stealth
 + Level 0.2 Shields
 + Level 0.2 Unarmed Combat
 + Level 0.2 Spellcasting
 + Level 0.1 Conjurations
 + Level 0.1 Hexes
 + Level 0.1 Summonings
 + Level 0.1 Necromancy
 + Level 0.1 Translocations
 + Level 0.1 Transmutations
 + Level 0.1 Fire Magic
 + Level 0.1 Ice Magic
 + Level 0.1 Air Magic
 + Level 0.1 Earth Magic
 + Level 0.1 Poison Magic
 + Level 4.4 Invocations
 + Level 0.2 Evocations


You had one spell level left.
You didn't know any spells.
Your spell library was empty.

Dungeon Overview and Level Annotations

Branches:
Dungeon (0/15)

Altars:


Innate Abilities, Weirdness & Mutations

You have very sharp teeth.
Your uncanny sense of smell can sniff out nearby items.
Your experience applies equally to all skills.
Your skin changes colour to match your surroundings (Stealth+).
Your mind is acute. (Int +2)


Message History

Found a bubbling ruby potion and 13 bolts.
c - a bubbling ruby potion You now have 28 gold pieces (gained 14).
d - a scroll labelled XEMICA VOEMN
As you read the scroll labelled XEMICA VOEMN, it crumbles to dust.
It is a scroll of enchant armour.
Your +0 leather armour glows green for a moment.
It was a potion of mutation.
You feel extremely strange.
You feel clever.
Your skin functions as natural camouflage.
A starcursed mass comes into view.
A large abomination comes into view.
Found 2 bubbling blue potions.
c - a bubbling blue potion
c - 2 bubbling blue potions (gained 1) It was a potion of cancellation.
You feel magically purged.
The iron imp shouts, "Escape, thou ducking motley-minded gonus!"
You feel yourself growing ill in the presence of the ancient zyme.
A tentacled starspawn and a wraith come into view.
Found 26 stones.
You feel ill.
Found a sedimented blue potion.
A bone dragon comes into view.
You see here a sedimented blue potion.
d - a sedimented blue potion
Okay, then.
It was a potion of berserk rage.
A red film seems to cover your vision as you go berserk!
You feel yourself moving faster!
You feel mighty!
Tentacles burst from the starspawn's body! 2 starspawn tentacles come into view.
You hit the bone dragon but do no damage.
You hit the large abomination. The bone dragon bites you!!
Ouch! That really hurt!
The bone dragon claws you. The bone dragon barely misses you.
The large abomination hits you but does no damage.
Unknown command.
You hit the bone dragon but do no damage.
You hit the large abomination but do no damage.
The bone dragon barely misses you. The bone dragon claws you!
You die...

#......ยง# .##. . #
..#....# ....# #
#..####.# ##.# #.#.
(#.##.....
#.#.........#. ..#.#
5#.###.## ....
...#....##.##
#..#....##.#...#..###.#
#. .# . .###.X@D...# ##
#.#.# #..#....#.#..#
...## .#####.#.## ## #
.##.# #. #. .# ## ##


You could see a bone dragon, a large abomination and an iron imp.

Vanquished Creatures
  A white imp (Abyss:1)
1 creature vanquished.

Vanquished Creatures (others)
  2 starspawn tentacles (Abyss:1)
2 creatures vanquished.

Grand Total: 3 creatures vanquished

Notes
Turn   | Place    | Note
-------+----------+-------------------------------------------
     0 | Abyss:1  | Gargoyl the Gnoll Abyssal Knight began the quest for the
                  | Orb.
     0 | Abyss:1  | Reached XP level 1. HP: 23/23 MP: 3/3
    45 | Abyss:1  | Reached XP level 2. HP: 24/29 MP: 5/5
    69 | Abyss:1  | Noticed a small abomination
    70 | Abyss:1  | Noticed a small abomination
   163 | Abyss:1  | Gained mutation: Your mind is acute. (Int +2) [potion of
                  | mutation]
   163 | Abyss:1  | Gained mutation: Your skin changes colour to match your
                  | surroundings (Stealth+). [potion of mutation]
   177 | Abyss:1  | Noticed a starcursed mass
   178 | Abyss:1  | Noticed a large abomination
   212 | Abyss:1  | Noticed an ancient zyme
   212 | Abyss:1  | Noticed a large abomination
   214 | Abyss:1  | Noticed a wraith
   214 | Abyss:1  | Noticed a tentacled starspawn
   226 | Abyss:1  | Noticed a bone dragon
   232 | Abyss:1  | Slain by a bone dragon

Illustrated notes

Levels and vault maps discovered:
Abyss:1:  base: Temple, base: Temple, hangedman_abyss_river_spirits

Action                   || total
-------------------------++-------
Melee: Hand axe          ||     6
       Bite              ||     1
  Use: Potion            ||     3
       Scroll            ||     1
Armor: Leather armour    ||     1
Dodge: Dodged            ||     5

Table legend: (Time is in decaauts)
 A = Elapsed time spent in this place.
 B = Non-inter-level travel time spent in this place.
 C = Inter-level travel time spent in this place.
 D = Time resting spent in this place.
 E = Time spent auto-exploring this place.
 F = Levels seen in this place.
 G = Mean time per level.
                   A        B        C        D        E       F      G
               +--------+--------+--------+--------+--------+-----+--------+
         Total |    232 |    232 |      0 |      0 |    143 |   1 |  232.0 |
         Abyss |    232 |    232 |      0 |      0 |    143 |   1 |  232.0 |
               +--------+--------+--------+--------+--------+-----+--------+

Top non-repeatable levels by time:
 Abyss:1: 232 daAuts
